 Dungeon Crawl Stone Soup version 0.31-a0-1008-g5b978da (webtiles) character file.

Game seed: 13290238791555649793

6593 Partyfoot the Grappler (level 10, 0/85 HPs)
             Began as a Demonspawn Fighter on Nov 12, 2023.
             Was a Believer of Wu Jian.
             Succumbed to a killer bee's poison
             ... on level 10 of the Dungeon.
             The game lasted 00:32:25 (7573 turns).

Partyfoot the Grappler (Demonspawn Fighter)         Turns: 7573, Time: 00:32:26

Health: 0/85       AC:  7    Str: 19    XL:     10   Next: 71%
Magic:  10/10      EV: 13    Int: 10    God:    Wu Jian [**....]
Gold:   1325       SH: 11    Dex: 14    Spells: 9/9 levels left

rFire   . .          .
                       - Unarmed
rCold   . . .        c - +0 buckler
rNeg    . . .        d - +0 troll leather armour {Pargi}
rPois   +            (no helmet)
rElec   .            (no cloak)
rCorr   .            (no gloves)
SInv    .            A - +0 pair of boots
Will    .....        h - amulet of reflection
Stlth   +            u - +4 ring of slaying
HPRegen 1.14/turn    f - ring of poison resistance
MPRegen 0.12/turn

%: reflection
@: brilliant, lethally poisoned (0 -> -1), mesmerised, invisible
A: claws 1, rugged brown scales 3, spiny 1
a: Renounce Religion, Wall Jump


You were on level 10 of the Dungeon.
You worshipped Wu Jian.
Wu Jian was pleased with you.
You visited 2 branches of the dungeon, and saw 11 of its levels.
You also visited: Sewer.

You collected 2105 gold pieces.
You spent 780 gold pieces at shops.

Inventory:

Hand Weapons
 s - a +2 heavy flail
Missiles
 e - 2 throwing nets
Armour
 b - a +0 scale mail
 c - a +0 buckler (worn)
 d - a +0 troll leather armour (worn) {Pargi}
 A - a +0 pair of boots (worn)
Jewellery
 f - a ring of poison resistance (right claw)
 h - an amulet of reflection (around neck)
 u - a +4 ring of slaying (left claw)
 w - a ring of see invisible
 x - a ring of protection from cold
Scrolls
 g - 2 scrolls of teleportation
 i - a scroll of enchant weapon {unknown}
 j - 13 scrolls of identify {unknown}
 k - a scroll of immolation {unknown}
 m - 3 scrolls of revelation {unknown}
 q - a scroll of enchant armour {unknown}
 t - 3 scrolls of brand weapon {unknown}
 y - 2 scrolls of blinking {unknown}
Potions
 a - a potion of magic {unknown}
 l - a potion of brilliance
 n - 3 potions of curing {unknown}
 o - a potion of haste {unknown}
 p - a potion of invisibility
 r - a potion of heal wounds {unknown}
 v - a potion of cancellation {unknown}
 z - a potion of resistance {unknown}


   Skills:
 + Level 7.9 Fighting
 - Level 2.4 Maces & Flails
 - Level 3.8 Armour
 + Level 4.7 Dodging
 + Level 7.1 Shields
 + Level 10.2 Unarmed Combat


You had 9 spell levels left.
You didn't know any spells.
Your spell library contained the following spells:

 Spells                   Type           Power      Damage    Failure   Level
 Cigotuvi's Dreadful Rot  Necr/Pois/Air  0%         N/A       63%         2
 Ensorcelled Hibernation  Hex/Ice        0%         N/A       63%         2
 Jinxbite                 Hex            0%         N/A       63%         2
 Lesser Beckoning         Tloc           0%         N/A       63%         2
 Gell's Gravitas          Tloc           0%         N/A       85%         3
 Ignite Poison            Fire/Tmut/Pois 0%         N/A       85%         3
 Ozocubu's Armour         Ice            0%         N/A       85%         3
 Teleport Other           Tloc           0%         N/A       85%         3
 Tukima's Dance           Hex            0%         N/A       85%         3
 Anguish                  Hex/Necr       0%         N/A       99%         4
 Dimensional Bullseye     Hex/Tloc       0%         N/A       99%         4
 Iskenderun's Mystic Bla  Conj/Tloc      0%         2d3       99%         4
 Freezing Cloud           Conj/Ice/Air   0%         6-21      100%        5
 Metabolic Englaciation   Hex/Ice        0%         N/A       100%        5
 Dispersal                Tloc           0%         N/A       100%        6
 Simulacrum               Ice/Necr       0%         N/A       100%        6
 Chain Lightning          Conj/Air       0%         N/A       100%        9
 Fire Storm               Conj/Fire      0%         5d1       100%        9
 Shatter                  Erth           0%         3d5*      100%        9


Dungeon Overview and Level Annotations

Branches:
Dungeon (10/15)            Temple (1/1) D:5           Sewer (visited)
   Lair: D:8-11         Orc: D:9-12

Altars:
Ashenzari
Cheibriados
Dithmenos
Fedhas
Gozag
Hepliaklqana
Kikubaaqudgha
Makhleb
Nemelex Xobeh
Qazlal
Ru
Sif Muna
Trog
Uskayaw
Vehumet
Wu Jian
Xom
Yredelemnul

Shops:
D:2 [===   D:4 =

Annotations:
D:3 1 runed translucent door, Crazy Yiuf
D:9 Amaemon
D:10 Maggie


Innate Abilities, Weirdness & Mutations

You have sharp fingernails.
You are completely covered in rugged brown scales. (AC +3, +7% HP)
You are partially covered in sharp spines.


Message History

You spin and attack the killer bee.
You barely miss the killer bee.
The killer bee is almost dead.
You spin and attack the killer bee.
You miss the killer bee.
The killer bee is lightly wounded.
You feel sick. The killer bee stings you.
* * * LOW HITPOINT WARNING * * *
The killer bee is struck by your spines.
The killer bee barely misses you.
Maggie casts a spell.
Maggie attempts to bespell you!
You are mesmerised by Maggie!
The killer bee is struck by your spines.
You kill the killer bee!
The Council accepts your kill. You block the killer bee's attack.
You closely miss the killer bee.
The killer bee is almost dead.
You feel sick.
The killer bee is struck by your spines.
You kill the killer bee!
The Council accepts your kill.
The killer bee is struck by your spines.
The killer bee stings you!
* * * LOW HITPOINT WARNING * * *
You are more poisoned.
The killer bee poisons you!
Maggie mumbles some strange words.
Maggie draws you further into her thrall.
The killer bee closely misses you.
You barely miss Maggie.
Maggie is lightly wounded.
You feel sick. You block the killer bee's attack. You block Maggie's attack.
You scratch Maggie.
Maggie is lightly wounded.
You feel sick. You block the killer bee's attack.
The killer bee closely misses you. Maggie hits you with a +0 long sword!
* * * LOW HITPOINT WARNING * * *
It was a potion of invisibility.
You fade into invisibility!
You die...

#. .. #.# .#
...#######.###
#............
...........#
...........#
.#.."......#
......@†y..#
.#.....@...#
#.#######.# .#
#


You could see Maggie (mesmerising, unable to see you) and a killer bee (unable
to see you).

Vanquished Creatures
  An orange demon (D:9)
  A hornet (D:9)
  A wyvern (D:4)
  4 vampire mosquitoes (D:8)
  14 yaks
  3 ice beasts (D:6)
  3 orc warriors
  Pargi (Sewer)
  A sky beast (D:7)
  2 black bears
  2 centaurs
  4 bullfrogs
  A scorpion (D:6)
  2 gnoll sergeants (D:8)
  3 wights (D:5)
  11 killer bees
  A howler monkey (D:9)
  6 hounds
  11 orc priests
  A gnoll bouda (D:6)
  2 sleepcaps (D:7)
  Jessica (D:3)
  4 iguanas
  Natasha (D:4)
  5 orc wizards
  12 adders
  12 gnolls
  3 shadow imps
  3 white imps
  2 worms (D:2)
  4 dart slugs
  25 orcs
  5 endoplasms
  5 giant cockroaches
  5 hobgoblins
  16 jackals
  2 quokkas
  10 ball pythons
  7 bats
  6 frilled lizards
  13 goblins
  9 kobolds
  8 rats
233 creatures vanquished.

Notes
Turn   | Place    | Note
-------+----------+-------------------------------------------
     0 | D:1      | Partyfoot the Demonspawn Fighter began the quest for the
                  | Orb.
     0 | D:1      | Reached XP level 1. HP: 18/18 MP: 1/1
   195 | D:1      | Gained mutation: You are partially covered in rugged brown
                  | scales. (AC +1, +3% HP) [demonic ancestry]
   195 | D:1      | Reached XP level 2. HP: 24/24 MP: 2/2
   486 | D:1      | Gained mutation: You have sharp fingernails. [demonic
                  | ancestry]
   486 | D:1      | Reached XP level 3. HP: 26/29 MP: 3/3
  1006 | D:2      | Found Higim Core's Jewellery Shop.
  1223 | D:2      | Found a snail-covered altar of Cheibriados.
  1232 | D:2      | Gained mutation: You are partially covered in sharp spines.
                  | [demonic ancestry]
  1232 | D:2      | Reached XP level 4. HP: 32/36 MP: 4/4
  1321 | D:2      | Found Bope's Jewellery Boutique.
  1418 | D:2      | Found Vuraru Sory's Jewellery Shop.
  1565 | D:2      | Found Rifea's Antique Armour Emporium.
  1666 | D:3      | Found a glowing drain.
  1729 | Sewer    | Entered a sewer
  1854 | Sewer    | Noticed Pargi
  1871 | Sewer    | Killed Pargi
  1872 | Sewer    | Reached skill level 1 in Unarmed Combat
  1872 | Sewer    | Reached XP level 5. HP: 21/43 MP: 5/5
  1979 | D:3      | Found a faded altar of an unknown god.
  2091 | D:3      | Found a runed translucent door.
  2092 | D:3      | Noticed Crazy Yiuf
  2217 | D:3      | Found a hide-covered altar of Uskayaw.
  2335 | D:3      | Noticed Jessica
  2342 | D:3      | Killed Jessica
  2388 | D:3      | Gained mutation: You are mostly covered in rugged brown
                  | scales. (AC +2, +5% HP) [demonic ancestry]
  2388 | D:3      | Reached XP level 6. HP: 42/50 MP: 6/6
  2539 | D:3      | Reached skill level 2 in Unarmed Combat
  2710 | D:3      | Found a hazy altar of Hepliaklqana.
  3207 | D:4      | Reached skill level 3 in Unarmed Combat
  3255 | D:4      | Noticed Natasha
  3258 | D:4      | Killed Natasha
  3332 | D:4      | Reached skill level 4 in Unarmed Combat
  3335 | D:4      | Reached XP level 7. HP: 33/56 MP: 7/7
  3407 | D:4      | Noticed a wyvern
  3421 | D:4      | Killed a wyvern
  3422 | D:4      | Reached skill level 5 in Unarmed Combat
  3598 | D:4      | Found Zegg's Jewellery Shoppe.
  3702 | D:5      | Entered Level 5 of the Dungeon
  3834 | D:5      | Found a staircase to the Ecumenical Temple.
  3852 | Temple   | Entered the Ecumenical Temple
  3869 | Temple   | Became a worshipper of the Wu Jian Council
  4014 | D:5      | Reached skill level 6 in Unarmed Combat
  4128 | D:5      | Reached XP level 8. HP: 44/63 MP: 8/8
  4200 | D:5      | Found a bloodstained altar of Trog.
  4226 | D:5      | Found a shadowy altar of Dithmenos.
  4334 | D:6      | Identified a scroll of acquirement
  4334 | D:6      | Acquired 1035 gold pieces
  4493 | D:2      | Bought a ring of poison resistance for 220 gold pieces
  4653 | D:2      | Bought a ring of see invisible for 210 gold pieces
  4653 | D:2      | Bought a ring of protection from cold for 350 gold pieces
  4753 | D:6      | Reached skill level 7 in Unarmed Combat
  4877 | D:6      | Reached * piety under Wu Jian
  4880 | D:6      | Reached skill level 8 in Unarmed Combat
  5027 | D:6      | Found an opulent altar of Gozag.
  5465 | D:6      | Reached skill level 5 in Fighting
  5911 | D:7      | Gained mutation: You are completely covered in rugged brown
                  | scales. (AC +3, +7% HP) [demonic ancestry]
  5911 | D:7      | Reached XP level 9. HP: 59/72 MP: 9/9
  6225 | D:7      | Reached skill level 5 in Shields
  6689 | D:8      | Reached skill level 9 in Unarmed Combat
  6693 | D:8      | Reached skill level 1 in Dodging
  6811 | D:8      | Reached ** piety under Wu Jian
  6944 | D:8      | Reached XP level 10. HP: 44/82 MP: 10/10
  7167 | D:8      | Acquired 588 gold pieces
  7455 | D:9      | Found a radiant altar of Vehumet.
  7455 | D:9      | Noticed an eight-headed hydra
  7489 | D:9      | Reached skill level 10 in Unarmed Combat
  7545 | D:9      | Noticed an orange demon
  7554 | D:9      | Killed an orange demon
  7555 | D:9      | Noticed Amaemon
  7561 | D:10     | Entered Level 10 of the Dungeon
  7561 | D:10     | Noticed Maggie
  7572 | D:10     | HP: 1/85 [Maggie/+0 long sword (13)]
  7573 | D:10     | Succumbed to a killer bee's poison

Illustrated notes

Levels and vault maps discovered:
D:1:      kennysheep_arrival_seaside, layout_basic, chequers_mini_garden
D:2:      layout_rooms, serial_shops, shop, nicolae_lakefront_shop,
          nicolae_shop_gaudy_bauble, shop, basic_altar, lexackson_kobold_supper
D:3:      layout_loops_corners, lemuel_round_altar,
          mainiacjoe_overflow_divided_tiny, gup_sewer_entry_glass,
          ebering_ecumenical_altar_sacrificial, uniq_jessica,
          uniq_crazy_yiuf_cottage
D:4:      layout_loops_corners, minmay_shop_enchanted_jewellery, uniq_natasha
D:5:      layout_basic, grunt_dithmenos_smoke_and_mirrors, bloody_trog,
          temple_pool_b, interstate_on_off
D:6:      layout_layer_cave, grunt_gozag_statues
D:7:      layout_basic, hex_tiny, minmay_stone_trees_small
D:8:      layout_rooms
D:9:      dragon1_lemuel, layout_basic, fiery_altar_vehumet, uniq_amaemon
D:10:     layout_basic, kennysheep_okawaru_gauntlet, orc_0_dummy,
          enter_bailey_2, kennysheep_another_room, uniq_sonja, uniq_maggie,
          uniq_psyche
Temple:   jpeg_temple_clearing

Skill      XL: |  1  2  3  4  5  6  7  8  9 10 |
---------------+-------------------------------+-----
Maces & Flails | 2 |  2.4
Armour         | 3 |  3.8
Shields        | 3 4 6 7 |  7.1
Fighting       | 4 5 6 7 |  7.9
Unarmed Combat | 1 4 6 8 9 10 | 10.2
Dodging        | 3 4 |  4.7

Action                     |  1- 3 |  4- 6 |  7- 9 | 10-12 || total
---------------------------+-------+-------+-------+-------++-------
  Melee: Flail             |   137 |   119 |    30 |       ||   286
         Unarmed           |       |       |   237 |    98 ||   335
Ability: Lunge             |       |       |    27 |     2 ||    29
         Whirlwind         |       |       |    27 |    14 ||    41
         Wall Jump         |       |       |       |     1 ||     1
    Use: Scroll            |       |     1 |     1 |     2 ||     4
         Potion            |       |     1 |       |     2 ||     3
 Armour: Scale mail        |    81 |    35 |       |       ||   116
         Troll leather arm |       |    37 |   151 |    61 ||   249
  Dodge: Dodged            |    56 |    38 |    78 |    43 ||   215
  Block: Buckler           |    50 |    65 |   110 |    44 ||   269
         Orb               |     5 |       |       |       ||     5
         Reflection        |     1 |     1 |     3 |       ||     5

Table legend: (Time is in decaauts)
 A = Elapsed time spent in this place.
 B = Non-inter-level travel time spent in this place.
 C = Inter-level travel time spent in this place.
 D = Time resting spent in this place.
 E = Time spent auto-exploring this place.
 F = Levels seen in this place.
 G = Mean time per level.
                   A        B        C        D        E       F      G
               +--------+--------+--------+--------+--------+-----+--------+
         Total |   7734 |   7079 |    655 |    513 |   4927 |  12 |  644.5 |
       Dungeon |   7511 |   6880 |    631 |    489 |   4859 |  10 |  751.1 |
        Temple |     33 |      9 |     24 |      0 |      0 |   1 |   33.0 |
         Sewer |    189 |    189 |      0 |     24 |     67 |   1 |  189.0 |
               +--------+--------+--------+--------+--------+-----+--------+

Top non-repeatable levels by time:
     D:6: 1169 daAuts
     D:3: 1075 daAuts
     D:1: 1024 daAuts
     D:4: 977 daAuts
     D:2: 922 daAuts
     D:7: 832 daAuts
     D:5: 676 daAuts
     D:8: 676 daAuts
   Sewer: 189 daAuts
     D:9: 145 daAuts
  Temple: 33 daAuts
    D:10: 10 daAuts
